 Dungeon Crawl Stone Soup version 0.29-a0-82-g837932c90e (webtiles) character file.

Game seed: 140031271463145821

3541 flotson the Skirmisher (level 9, -7/69 HPs)
             Began as a Demonspawn Gladiator on Feb 4, 2022.
             Was an Elder of Sif Muna.
             Mangled by an orc knight (26 damage)
             ... in a bailey on Feb 5, 2022.
             The game lasted 00:23:47 (8105 turns).

flotson the Skirmisher (Demonspawn Gladiator)       Turns: 8105, Time: 00:23:49

Health: -7/69      AC: 14    Str: 18    XL:     9   Next: 82%
Magic:  11/11      EV: 20    Int: 11    God:    Sif Muna [****..]
Gold:   457        SH:  0    Dex: 14    Spells: 5/10 levels left

rFire   . . .      SeeInvis .   b - +0 broad axe
rCold   + . .      Faith    .   (no shield)
rNeg    . . .      Spirit   .   M - +2 scale mail {rC+}
rPois   .          Reflect  .   m - +0 helmet
rElec   .          Harm     .   h - +0 cloak
rCorr   .          Rampage  .   (no gloves)
Will    .....                   (no boots)
Stlth   ..........              (no amulet)
HPRegen 0.21/turn               F - +4 ring of evasion
MPRegen 0.12/turn               t - +4 ring of evasion

@: no status effects
A: molten scales 2, spiny 2, demonic touch 1
a: Renounce Religion, Channel Magic, Forget Spell, Divine Exegesis


You were in a bailey.
You worshipped Sif Muna.
Sif Muna was greatly pleased with you.
You visited 1 branch of the dungeon, and saw 7 of its levels.
You also visited: Bailey.

You collected 457 gold pieces.

Inventory:

Hand Weapons
 a - a +1 war axe of freezing
 b - a +0 broad axe (weapon)
Missiles
 E - 12 boomerangs (quivered)
Armour
 h - a +0 cloak (worn)
 m - a +0 helmet (worn)
 M - a +2 scale mail of cold resistance (worn)
Jewellery
 j - a ring of poison resistance
 t - a +4 ring of evasion (right hand)
 v - a ring of fire
 F - a +4 ring of evasion (left hand)
Wands
 C - a wand of iceblast (22)
 K - a wand of charming (2)
Scrolls
 c - 2 scrolls of enchant weapon {unknown}
 f - a scroll of immolation {unknown}
 g - 2 scrolls of blinking {unknown}
 i - a scroll of holy word {unknown}
 k - a scroll of amnesia {unknown}
 o - 6 scrolls of identify {unknown}
 p - a scroll of noise {unknown}
 q - 2 scrolls of brand weapon {unknown}
 r - 2 scrolls of torment {unknown}
 s - a scroll of magic mapping {unknown}
 x - a scroll of enchant armour {unknown}
 y - 3 scrolls of teleportation {unknown}
 B - a scroll of acquirement {unknown}
 G - a scroll of fear {unknown}
 L - a scroll of silence {unknown}
Potions
 e - 2 potions of mutation {unknown}
 l - a potion of berserk rage {unknown}
 n - 2 potions of flight {unknown}
 u - 5 potions of heal wounds {unknown}
 z - 2 potions of attraction {unknown}
 A - 4 potions of brilliance {unknown}
 D - a potion of curing {unknown}
 H - 4 potions of might {unknown}
 I - a potion of cancellation {unknown}
 J - a potion of lignification {unknown}
 N - a potion of invisibility {unknown}
 O - a potion of resistance
 P - a potion of haste {unknown}


   Skills:
 + Level 5.8 Fighting
 + Level 5.8 Axes
 + Level 5.4 Throwing
 + Level 5.0 Armour
 + Level 5.8 Dodging
 - Level 1.4 Spellcasting
 - Level 1.4 Air Magic
 - Level 1.7 Poison Magic
 - Level 2.1 Invocations
 + Level 4.5 Evocations


You had 5 spell levels left.
You knew the following spells:

 Your Spells              Type           Power      Damage    Failure   Level
a - Poisonous Vapours     Pois/Air       8%         N/A       58%         2
b - Conjure Flame         Conj/Fire      0%         6-21      95%         3

Your spell library contained the following spells:

 Spells                   Type           Power      Damage    Failure   Level
 Sting                    Tmut/Pois      8%         1d3       54%         1
 Corpse Rot               Necr/Air       4%         N/A       71%         2
 Ignite Poison            Fire/Tmut/Pois 2%         N/A       91%         3
 Olgreb's Toxic Radiance  Pois           4%         N/A       99%         4
 Sticky Flame             Conj/Fire      0%         2d3       100%        4


Dungeon Overview and Level Annotations

Branches:
Dungeon (7/15)             Temple (0/1) D:7          Bailey (1/1)

Altars:
Elyvilon
Kikubaaqudgha
Sif Muna

Annotations:
D:2 bande's ghost, amateur GrFi
D:7 1 transporter, bande's ghost, novice GrFi


Innate Abilities, Weirdness & Mutations

You are mostly covered in molten scales. (AC +3)
You are mostly covered in sharp spines.
Your touch may inflict minor irresistible damage on your foes.


Message History

The throwing net barely misses the orc knight.
The orc knight barely misses you.
Throw: throwing net
Press: ? - help, Q - select action, (/) - cycle Shift-Dir - straight line, f/p - orc knight
Aim: an orc knight, wielding a +0 halberd and wearing a +0 chain mail (lightly wounded, 60% to hit)
You throw a throwing net.
The throwing net barely misses the orc knight.
Okay, then.
The orc knight hits you from afar with a +0 halberd!
Aiming: Iceblast
Press: ? - help, Shift-Dir - straight line, f/p - orc knight
Aim: an orc knight, wielding a +0 halberd and wearing a +0 chain mail (lightly wounded)
The mass of ice explodes!
The iceblast engulfs the orc knight!!
The orc knight is heavily wounded.
You hear a shout!
The orc knight barely misses you.
Aiming: Iceblast
Press: ? - help, Shift-Dir - straight line, f/p - orc knight
Aim: an orc knight, wielding a +0 halberd and wearing a +0 chain mail (heavily wounded)
The mass of ice explodes!
The iceblast engulfs the orc knight!
The orc knight is heavily wounded.
You hear a shout!
The orc knight hits you from afar with a +0 halberd!
* * * LOW HITPOINT WARNING * * *
The orc knight barely misses you.
Unknown command.
Things that are here:
a +0 chain mail; a +0 halberd
There is an open door here.
You see here a +0 hand axe.
You see here a +0 spear.
Things that are here:
a +0 chain mail; a +0 halberd
Aiming: Iceblast
Press: ? - help, Shift-Dir - straight line, f/p - orc knight
Aim: an orc knight, wielding a +0 halberd and wearing a +0 chain mail (heavily wounded)
The mass of ice explodes!
The iceblast engulfs the orc knight!
The orc knight is severely wounded.
The orc knight hits you from afar with a +0 halberd!!
You die...

############ #######
##.∩......[.## ##....(#######
#.....)#[).[.######.......#.....
#.....###)[..#....#[.##...'.....
#∩)....8.....)[@[o)[.8...(((....
#....[###....#....#.o##...'.....
#.....[#.....######....[..#.....
##.∩..[)[...## ##.....#######
############ #######


You could see an orc knight and an orc.

Vanquished Creatures
  A wyvern (D:7)
  3 yaks (D:6)
  Menkaure (D:5)
  A water moccasin (D:7)
  2 ice beasts
  4 orc warriors (Bailey)
  A sky beast (D:5)
  A black bear (D:4)
  A necrophage (D:6)
  3 ogres
  2 centaurs (D:7)
  A phantom (D:4)
  2 kobold brigands (D:7)
  A bullfrog (D:7)
  4 scorpions
  A gnoll sergeant (D:7)
  4 wights
  2 howler monkeys (D:7)
  4 orc priests
  A centaur skeleton (D:5)
  5 hounds
  An iguana (D:5)
  3 orc wizards (D:5)
  A killer bee zombie (D:5)
  A scorpion simulacrum (D:3)
  A hound skeleton (D:4)
  A howler monkey zombie (D:7)
  Robin (D:2)
  A howler monkey skeleton (D:7)
  7 adders
  A shadow imp (D:6)
  2 white imps
  An ufetubus (D:6)
  2 worms (D:4)
  3 dart slugs
  An adder simulacrum (D:3)
  35 orcs
  5 bats
  10 endoplasms
  3 giant cockroaches
  16 goblins
  10 hobgoblins
  4 jackals
  2 quokkas (D:1)
  9 ball pythons
  2 frilled lizards
  2 giant cockroach simulacra (D:3)
  A jackal simulacrum (D:3)
  11 kobolds
  5 rats
187 creatures vanquished.

Vanquished Creatures (collateral kills)
  6 orcs (Bailey)
6 creatures vanquished.

Grand Total: 193 creatures vanquished

Notes
Turn   | Place    | Note
-------+----------+-------------------------------------------
     0 | D:1      | flotson the Demonspawn Gladiator began the quest for the
                  | Orb.
     0 | D:1      | Reached XP level 1. HP: 16/16 MP: 1/1
   420 | D:1      | Gained mutation: You are partially covered in sharp spines.
                  | [demonic ancestry]
   420 | D:1      | Reached XP level 2. HP: 22/22 MP: 2/2
  1046 | D:1      | Reached XP level 3. HP: 25/28 MP: 3/3
  1208 | D:1      | Reached skill level 1 in Armour
  1544 | D:2      | Noticed Robin
  1796 | D:2      | Gained mutation: You are partially covered in molten
                  | scales. (AC +2) [demonic ancestry]
  1796 | D:2      | Reached XP level 4. HP: 30/34 MP: 4/4
  1918 | D:2      | Killed Robin
  1968 | D:2      | Found a faded altar of an unknown god.
  1991 | D:2      | Prayed at the altar of an unknown god.
  1991 | D:2      | Became a worshipper of Sif Muna the Loreminder
  1991 | D:2      | Reached * piety under Sif Muna
  2324 | D:3      | Gained mutation: You are mostly covered in sharp spines.
                  | [demonic ancestry]
  2324 | D:3      | Reached XP level 5. HP: 37/40 MP: 5/5
  2379 | D:3      | Noticed bande's ghost (amateur GrFi)
  2514 | D:3      | Found a runed translucent gate.
  2514 | D:3      | Found a runed translucent gate.
  2514 | D:3      | Found a runed translucent gate.
  2518 | D:3      | Learned a level 2 spell: Poisonous Vapours
  2643 | D:3      | Reached ** piety under Sif Muna
  3515 | D:4      | Noticed an ice beast
  3516 | D:4      | Noticed a phantom
  3606 | D:4      | Reached XP level 6. HP: 47/47 MP: 6/6
  3615 | D:4      | Reached skill level 1 in Poison Magic
  3615 | D:4      | Reached skill level 1 in Invocations
  3789 | D:4      | Reached skill level 1 in Air Magic
  3858 | D:4      | Reached skill level 1 in Spellcasting
  3873 | D:4      | Reached XP level 7. HP: 52/52 MP: 8/8
  4037 | D:4      | Found an ancient bone altar of Kikubaaqudgha.
  4172 | D:4      | Learned a level 3 spell: Conjure Flame
  4331 | D:5      | Entered Level 5 of the Dungeon
  4512 | D:5      | Reached skill level 1 in Evocations
  4517 | D:5      | Gained mutation: You are mostly covered in molten scales.
                  | (AC +3) [demonic ancestry]
  4517 | D:5      | Reached XP level 8. HP: 53/60 MP: 10/10
  4921 | D:5      | Noticed Menkaure
  4941 | D:5      | HP: 3/60 [Menkaure/nerve-wracking pain (2)]
  5526 | D:5      | Killed Menkaure
  6418 | D:6      | Reached skill level 5 in Axes
  6732 | D:6      | Reached skill level 5 in Dodging
  6732 | D:6      | Gained mutation: Your touch may inflict minor irresistible
                  | damage on your foes. [demonic ancestry]
  6732 | D:6      | Reached XP level 9. HP: 43/67 MP: 11/11
  6737 | D:6      | Reached skill level 5 in Fighting
  6737 | D:6      | Reached *** piety under Sif Muna
  7165 | D:7      | Found a transporter.
  7170 | D:7      | Noticed bande's ghost (novice GrFi)
  7234 | D:7      | Reached skill level 5 in Throwing
  7444 | D:7      | Found a staircase to the Ecumenical Temple.
  7476 | D:7      | Found a flagged portal.
  7481 | Bailey   | Entered a bailey
  7666 | Bailey   | Reached **** piety under Sif Muna
  7731 | Bailey   | Noticed an orc knight
  7774 | Bailey   | Reached skill level 5 in Armour
  8105 | Bailey   | Mangled by an orc knight

Illustrated notes

Levels and vault maps discovered:
D:1:      dpeg_arrival_rhombus, layout_loops_ring, hex_large
D:2:      layout_rooms, ebering_ecumenical_altar_mist, uniq_robin
D:3:      layout_loops_ring, gammafunk_ghost_icy, glass_columns_a
D:4:      layout_gridville, mainiacjoe_overflow_large_starburst,
          minmay_misc_feat_roman
D:5:      layout_basic, kennysheep_small_circle, uniq_menkaure
D:6:      nicolae_cairo_tiling_large, layout_gridville
D:7:      minmay_the_grid_square_5x5_3x3 [minmay_the_grid_square_5x5_inner_i,
          minmay_the_grid_square_5x5_intrusive_squares,
          minmay_the_grid_square_5x5_hollow_slash,
          minmay_the_grid_square_5x5_percent,
          minmay_the_grid_square_5x5_megaprize_hollow,
          minmay_the_grid_square_5x5_misaligned,
          minmay_the_grid_square_5x5_seven,
          minmay_the_grid_square_5x5_pentomino_r,
          minmay_the_grid_square_5x5_spiral], layout_loops_ring,
          minmay_temple_entry_enclosed_plants, gammafunk_ghost_stat_death,
          enter_bailey_4, uniq_joseph
Bailey:   bailey_polearm_5, bailey

Skill      XL: |  1  2  3  4  5  6  7  8  9 |
---------------+----------------------------+-----
Throwing       | 2 3 4 5 |  5.4
Axes           | 3 4 5 |  5.8
Armour         | 1 2 3 4 5 |  5.0
Dodging        | 3 4 5 |  5.8
Fighting       | 3 4 5 |  5.8
Poison Magic   | 1 |  1.7
Invocations    | 1 2 |  2.1
Air Magic      | 1 |  1.4
Spellcasting   | 1 |  1.4
Evocations     | 1 3 4 |  4.5

Action                   |  1- 3 |  4- 6 |  7- 9 || total
-------------------------+-------+-------+-------++-------
Melee: War axe           |    90 |   107 |    19 ||   216
       Punch             |       |     1 |     6 ||     7
       Broad axe         |       |       |   183 ||   183
       Touch             |       |       |    18 ||    18
Throw: Throwing net      |       |     1 |     3 ||     4
       Dart              |       |     1 |     9 ||    10
       Boomerang         |       |       |    14 ||    14
Evoke: Wand              |       |       |     6 ||     6
Armor: Ring mail         |    34 |    49 |    45 ||   128
       Scale mail        |       |       |    25 ||    25
Dodge: Dodged            |    42 |    67 |   288 ||   397

Table legend: (Time is in decaauts)
 A = Elapsed time spent in this place.
 B = Non-inter-level travel time spent in this place.
 C = Inter-level travel time spent in this place.
 D = Time resting spent in this place.
 E = Time spent auto-exploring this place.
 F = Levels seen in this place.
 G = Mean time per level.
                   A        B        C        D        E       F      G
               +--------+--------+--------+--------+--------+-----+--------+
         Total |   8244 |   8021 |    223 |    455 |   5839 |   8 | 1030.5 |
       Dungeon |   7610 |   7387 |    223 |    455 |   5403 |   7 | 1087.1 |
        Bailey |    634 |    634 |      0 |      0 |    436 |   1 |  634.0 |
               +--------+--------+--------+--------+--------+-----+--------+

Top non-repeatable levels by time:
     D:1: 1805 daAuts
     D:5: 1515 daAuts
     D:4: 1139 daAuts
     D:6: 1078 daAuts
     D:3: 917 daAuts
     D:2: 817 daAuts
  Bailey: 634 daAuts
     D:7: 336 daAuts
